 Dungeon Crawl Stone Soup version 0.27.1-2-g3b301248ec (webtiles) character file.

Game seed: 1296157115285448530

102 MisterFreud the Protected (level 4, -2/30 HPs)
             Began as a Gnoll Wanderer on Sept 26, 2021.
             Was a Believer of Hepliaklqana.
             Slain by a gnoll (9 damage)
             ... on level 2 of the Dungeon.
             The game lasted 00:02:24 (1716 turns).

MisterFreud the Protected (Gnoll Wanderer)          Turns: 1716, Time: 00:02:25

Health: -2/30      AC: 10    Str: 16    XL:     4   Next: 78%
Magic:  5/5        EV: 10    Int:  9    God:    Hepliaklqana [**....]
Gold:   88         SH:  0    Dex: 10    Spells: 5/5 levels left

rFire    + . .     SeeInvis .   f - +0 mace
rCold    . . .     Faith    .   (no shield)
rNeg     . . .     Spirit   .   j - +0 ring mail {rF+}
rPois    .         Reflect  .   p - +0 helmet
rElec    .         Harm     .   (no cloak)
rCorr    +         Rampage  .   (no gloves)
Will     .....                  h - +1 pair of boots {Fly}
Stlth    +.........             (no amulet)
HPRegen  0.10/turn              m - ring of resist corrosion
MPRegen  0.09/turn              (no ring)

@: flying
A: reduced essence, fangs 1, strong nose, distributed training
a: Renounce Religion, Recall Ancestor, Ancestor Identity


You were on level 2 of the Dungeon.
You worshipped Hepliaklqana.
Hepliaklqana was pleased with you.
You visited 1 branch of the dungeon, and saw 2 of its levels.

You collected 88 gold pieces.

Inventory:

Hand Weapons
 a - a +0 hand axe
 f - a +0 mace (weapon)
Missiles
 k - 27 bolts
Armour
 d - a +0 robe
 h - a +1 pair of boots of flying (worn)
 j - a +0 ring mail of fire resistance (worn)
 p - a +0 helmet (worn)
Jewellery
 m - a ring of resist corrosion (left hand)
Wands
 b - a wand of charming (15) (quivered)
Scrolls
 c - a scroll of teleportation
 e - a scroll of identify {unknown}
 i - a scroll of vulnerability {unknown}
 n - a scroll of magic mapping {unknown}
Potions
 g - a potion of brilliance {unknown}
 l - a potion of curing {unknown}
 o - a potion of resistance {unknown}


   Skills:
 + Level 2.8 Fighting
 + Level 1.2 Short Blades
 + Level 1.2 Long Blades
 + Level 2.8 Axes
 + Level 4.7 Maces & Flails
 + Level 1.2 Polearms
 + Level 1.2 Staves
 + Level 1.2 Slings
 + Level 1.2 Bows
 + Level 1.2 Crossbows
 + Level 1.2 Throwing
 + Level 8.6 Armour
 + Level 1.2 Dodging
 + Level 1.2 Stealth
 + Level 1.2 Shields
 + Level 1.2 Unarmed Combat
 + Level 1.2 Spellcasting
 + Level 1.0 Conjurations
 + Level 1.0 Hexes
 + Level 1.0 Summonings
 + Level 1.0 Necromancy
 + Level 1.0 Translocations
 + Level 1.0 Transmutations
 + Level 1.0 Fire Magic
 + Level 1.0 Ice Magic
 + Level 1.0 Air Magic
 + Level 1.0 Earth Magic
 + Level 1.0 Poison Magic
 + Level 1.3 Invocations
 + Level 4.7 Evocations


You had 5 spell levels left.
You didn't know any spells.
Your spell library contained the following spells:

 Spells                   Type           Power      Damage    Failure   Level
 Animate Skeleton         Necr           4%         N/A       36%         1
 Apportation              Tloc           4%         N/A       36%         1
 Corona                   Hex            2%         N/A       36%         1
 Pain                     Necr           8%         1d4       36%         1
 Summon Small Mammal      Summ           8%         N/A       36%         1
 Vampiric Draining        Necr           1%         2d6       75%         3
 Chain Lightning          Conj/Air       1%         3d1       100%        9
 Fire Storm               Conj/Fire      1%         7d1       100%        9


Dungeon Overview and Level Annotations

Branches:
Dungeon (2/15)

Altars:
Hepliaklqana
Sif Muna


Innate Abilities, Weirdness & Mutations

Your life essence is reduced to manifest your ancestor. (-10% HP)
You have very sharp teeth.
Your uncanny sense of smell can sniff out nearby items.
Your experience applies equally to all skills.


Message History

Njabulo blocks the gnoll's attack.
Njabulo hits the gnoll with a +0 flail!
The gnoll dies!
Your Conjurations skill increases to level 1!
Your Hexes skill increases to level 1!
Your Summonings skill increases to level 1!
Your Necromancy skill increases to level 1!
Your Translocations skill increases to level 1!
Your Transmutations skill increases to level 1!
Your Fire Magic skill increases to level 1!
Your Ice Magic skill increases to level 1!
Your Air Magic skill increases to level 1!
Your Earth Magic skill increases to level 1!
Your Poison Magic skill increases to level 1!
Unknown command.
Unknown command.
A gnoll comes into view. It is wielding a +0 whip.
The gnoll hits you from afar with a +2 vorpal halberd.
Njabulo hits the gnoll with a +0 flail.
The gnoll closely misses you.
Njabulo hits the gnoll with a +0 flail!
The gnoll barely misses you.
Njabulo hits the gnoll with a +0 flail.
The gnoll dies!
You swap places.
The gnoll hits you from afar with a +0 halberd.
The gnoll closely misses you. The gnoll barely misses you.
You hit the gnoll but do no damage. The gnoll barely misses you.
You sock the gnoll!
The gnoll is heavily wounded.
The gnoll hits you with a +0 halberd.
You closely miss the gnoll.
The gnoll is heavily wounded.
The gnoll hits you with a +0 halberd!
* * * LOW HITPOINT WARNING * * *
You hit the gnoll.
The gnoll is almost dead.
The gnoll hits you with a +0 halberd.
* * * LOW HITPOINT WARNING * * *
The gnoll closely misses you.
The gnoll hits you from afar with a +0 halberd!
You die...

##.###############
......)ggR........
##.#######@##...##
####.##...# ..
#.....+...# #..###
#.###.#...# .....#
# #..# ####.#..#.#
##.# ..##.#.....
#.## #.##.#.....
#..# #.##.#..#..
##.###.##.#..#.#


You could see the friendly Njabulo the knight and 2 gnolls.

Vanquished Creatures
  Robin (D:2)
  3 adders (D:2)
  A dart slug (D:1)
  An endoplasm (D:1)
  3 giant cockroaches (D:1)
  A goblin (D:2)
  2 hobgoblins
  A kobold (D:1)
  4 quokkas (D:1)
  3 ball pythons (D:1)
  3 bats
  2 frilled lizards (D:1)
  3 rats
28 creatures vanquished.

Vanquished Creatures (collateral kills)
  2 gnolls (D:2)
  6 goblins (D:2)
  3 hobgoblins (D:2)
  A quokka (D:1)
  A frilled lizard (D:1)
  2 rats
15 creatures vanquished.

Vanquished Creatures (others)
  An ancestor (D:1)
1 creature vanquished.

Grand Total: 44 creatures vanquished

Notes
Turn   | Place    | Note
-------+----------+-------------------------------------------
     0 | D:1      | MisterFreud the Gnoll Wanderer began the quest for the Orb.
     0 | D:1      | MisterFreud set off with the following items: a +0 hand
                  | axe, a wand of charming (15), a scroll of teleportation, a
                  | +0 robe
     0 | D:1      | Reached XP level 1. HP: 17/17 MP: 1/1
    57 | D:1      | Found a faded altar of an unknown god.
    67 | D:1      | Became a worshipper of Hepliaklqana the Forgotten
    67 | D:1      | Reached * piety under Hepliaklqana
   175 | D:1      | Reached XP level 2. HP: 18/20 MP: 2/2
   926 | D:1      | Reached ** piety under Hepliaklqana
   927 | D:1      | Remembered your ancestor Njabulo as a knight
  1032 | D:1      | Reached XP level 3. HP: 25/25 MP: 3/3
  1245 | D:2      | Found a shimmering blue altar of Sif Muna.
  1345 | D:2      | Reached skill level 1 in Invocations
  1371 | D:2      | Noticed Robin
  1384 | D:2      | Killed Robin
  1385 | D:2      | Reached skill level 1 in Short Blades
  1385 | D:2      | Reached skill level 1 in Long Blades
  1385 | D:2      | Reached skill level 1 in Polearms
  1385 | D:2      | Reached skill level 1 in Staves
  1385 | D:2      | Reached skill level 1 in Slings
  1385 | D:2      | Reached skill level 1 in Bows
  1385 | D:2      | Reached skill level 1 in Crossbows
  1385 | D:2      | Reached skill level 1 in Throwing
  1385 | D:2      | Reached skill level 1 in Dodging
  1385 | D:2      | Reached skill level 1 in Stealth
  1385 | D:2      | Reached skill level 1 in Shields
  1385 | D:2      | Reached skill level 1 in Unarmed Combat
  1385 | D:2      | Reached skill level 1 in Spellcasting
  1385 | D:2      | Reached XP level 4. HP: 24/30 MP: 5/5
  1701 | D:2      | Reached skill level 1 in Conjurations
  1701 | D:2      | Reached skill level 1 in Hexes
  1701 | D:2      | Reached skill level 1 in Summonings
  1701 | D:2      | Reached skill level 1 in Necromancy
  1701 | D:2      | Reached skill level 1 in Translocations
  1701 | D:2      | Reached skill level 1 in Transmutations
  1701 | D:2      | Reached skill level 1 in Fire Magic
  1701 | D:2      | Reached skill level 1 in Ice Magic
  1701 | D:2      | Reached skill level 1 in Air Magic
  1701 | D:2      | Reached skill level 1 in Earth Magic
  1701 | D:2      | Reached skill level 1 in Poison Magic
  1716 | D:2      | Slain by a gnoll

Illustrated notes

Levels and vault maps discovered:
D:1:      amcnicky_arrival_gap_in_the_tavern_cellar, layout_basic,
          shapermc_ecumenical_altar_venn
D:2:      layout_basic, basic_altar, uniq_robin

Skill      XL: |  1  2  3  4 |
---------------+-------------+-----
Invocations    | 1 |  1.3
Short Blades   | 1 |  1.2
Long Blades    | 1 |  1.2
Polearms       | 1 |  1.2
Staves         | 1 |  1.2
Slings         | 1 |  1.2
Bows           | 1 |  1.2
Crossbows      | 1 |  1.2
Throwing       | 1 |  1.2
Dodging        | 1 |  1.2
Stealth        | 1 |  1.2
Shields        | 1 |  1.2
Unarmed Combat | 1 |  1.2
Spellcasting   | 1 |  1.2
Conjurations   | 1 |  1.0
Hexes          | 1 |  1.0
Summonings     | 1 |  1.0
Necromancy     | 1 |  1.0
Translocations | 1 |  1.0
Transmutations | 1 |  1.0
Fire Magic     | 1 |  1.0
Ice Magic      | 1 |  1.0
Air Magic      | 1 |  1.0
Earth Magic    | 1 |  1.0
Poison Magic   | 1 |  1.0
Fighting       | |  2.8
Axes           | |  2.8
Maces & Flails | |  4.7
Armour         | |  8.6
Evocations     | |  4.7

Action                   |  1- 3 |  4- 6 || total
-------------------------+-------+-------++-------
Melee: Mace              |    77 |    23 ||   100
       Bite              |     7 |     1 ||     8
Invok: Ancestor Life: Kn |     1 |       ||     1
 Stab: Distracted        |     1 |       ||     1
       Sleeping          |     1 |       ||     1
Armor: Robe              |     3 |       ||     3
       Ring mail         |    32 |    10 ||    42
Dodge: Dodged            |    48 |    16 ||    64
